 Dungeon Crawl Stone Soup version 0.23.2-1-ga50397a (webtiles) character file.

Game seed: 4764693591483190416

173 schauveau the Chopper (level 5, -3/47 HPs)
             Began as a Hill Orc Fighter on Apr 27, 2019.
             Slain by a sky beast (6 damage)
             ... on level 4 of the Dungeon.
             The game lasted 00:01:39 (872 turns).

schauveau the Chopper (Hill Orc Fighter)             Turns: 872, Time: 00:01:40

Health: -3/47      AC:  7    Str: 25    XL:     5   Next: 53%
Magic:  5/5        EV:  7    Int:  8    God:
Gold:   39         SH: 10    Dex: 10    Spells: 4/4 levels left

rFire    . . .     SeeInvis .   a - +0 war axe
rCold    . . .     Gourm    .   c - +0 shield
rNeg     . . .     Faith    .   b - +0 scale mail
rPois    .         Spirit   .   (no helmet)
rElec    .         Reflect  .   (no cloak)
rCorr    .         Harm     .   (no gloves)
MR       .....                  (no boots)
Stlth    ..........             (no amulet)
HPRegen  0.15/turn              (no ring)
MPRegen  0.09/turn              (no ring)

@: mighty
A: no striking features
a: no special abilities


You were on level 4 of the Dungeon.
You were not hungry.

You visited 1 branch of the dungeon, and saw 5 of its levels.

You collected 39 gold pieces.

Inventory:

Hand Weapons
 a - a +0 war axe (weapon)
 h - a +4 hand axe
Missiles
 s - 31 sling bullets
Armour
 b - a +0 scale mail (worn)
 c - a +0 shield (worn)
Jewellery
 l - a cursed ring of attention {unknown}
 n - the amulet "Luqyrph" {RegenMP rElec rN+ MR++ Dex-5, unknown}
   (You found it on level 4 of the Dungeon)

   [amulet of magic regeneration]

   It increases your magic regeneration.
   It affects your dexterity (-5).
   It insulates you from electricity.
   It protects you from negative energy.
   It affects your resistance to hostile enchantments.
 q - an uncursed amulet of rage {unknown}
Wands
 v - a wand of disintegration (9)
Scrolls
 e - a scroll of identify {unknown}
 g - a scroll of remove curse {unknown}
 i - a scroll of magic mapping {unknown}
 o - a scroll of fear {unknown}
 p - a scroll of teleportation {unknown}
 t - 2 scrolls of enchant weapon {unknown}
Potions
 d - a potion of might
 j - a potion of lignification {unknown}
 k - a potion of ambrosia {unknown}
 m - a potion of berserk rage {unknown}
 r - 2 potions of haste {unknown}
Comestibles
 f - 5 rations
 u - a chunk of flesh


   Skills:
 + Level 4.6 Fighting
 * Level 5.1 Axes
 + Level 4.1 Armour
 + Level 4.1 Shields


You had 4 spell levels left.
You didn't know any spells.
Your spell library was empty.

Dungeon Overview and Level Annotations

Branches:
Dungeon (5/15)
 Temple: D:4-7

Altars:


Message History

* * * LOW HITPOINT WARNING * * *
Something hits you but does no damage.
A sky beast appears from thin air!
Reactivating autopickup.
You closely miss the sky beast.
The sky beast is heavily wounded.
The sky beast flickers out of sight!
Deactivating autopickup; reactivate with Ctrl-A.
Something hits you but does no damage.
There is a stone staircase leading up here.
Something hits you but does no damage.
You climb upwards.
Reactivating autopickup.
There is a stone staircase leading down here.
Deactivating autopickup; reactivate with Ctrl-A.
You slash something! Something hits you but does no damage.
You miss something. Something hits you but does no damage. Something hits you.
* * * LOW HITPOINT WARNING * * *
Something shocks you.
You die...

#.##...............##.#.
#.#....####..####.....#.
#.. #......# #..#
#..####. #.# #.#...##
#..# #..# #. #.# #.##.##
#..# #..## #. #.# #.##.#
#... .... #.# #.##.#
#.#####..## #.#
#.##.######.# #..####
#.# #.....{@....#
#.....# #>#
#...#######.#####.###.##
#.# ###.# #.............
#.# #.# #.#####..##.##
#.# #.# #.### #..##.##
#.# #.# #...# #.......
#.# #.# #.#.# ##.##.##
#.######.#######.#.#
#.##.##
#................#.#
#......


There were no monsters in sight!

Vanquished Creatures
  An ice beast (D:5)
  A bullfrog skeleton (D:5)
  A worker ant (D:5)
  2 adders
  A dart slug (D:2)
  A bat (D:2)
  A goblin (D:3)
  2 hobgoblins
  A quokka (D:2)
  A ball python (D:2)
  A frilled lizard (D:3)
  A kobold (D:3)
  2 rats
16 creatures vanquished.

Notes
Turn   | Place    | Note
-------+----------+-------------------------------------------
     0 | D:1      | schauveau the Hill Orc Fighter began the quest for the Orb.
     0 | D:1      | Reached XP level 1. HP: 19/19 MP: 1/1
    46 | D:2      | Reached skill level 3 in Axes
   102 | D:2      | Reached XP level 2. HP: 25/27 MP: 2/2
   304 | D:4      | Got a pitted graven amulet
   765 | D:5      | Entered Level 5 of the Dungeon
   802 | D:5      | Reached XP level 3. HP: 31/33 MP: 3/3
   811 | D:5      | Reached skill level 4 in Axes
   811 | D:5      | Reached XP level 4. HP: 26/40 MP: 4/4
   829 | D:5      | Noticed an ice beast
   841 | D:5      | Killed an ice beast
   841 | D:5      | Reached skill level 5 in Axes
   841 | D:5      | Reached XP level 5. HP: 16/47 MP: 5/5
   846 | D:5      | Noticed a sky beast
   872 | D:4      | Slain by a sky beast

Skill      XL: |  1  2  3  4 |
---------------+-------------+-----
Axes           | 3 4 5 |  5.1
Fighting       | 4 |  4.6
Armour         | 4 |  4.1
Shields        | 4 |  4.1

Action                   |  1- 3 |  4- 6 || total
-------------------------+-------+-------++-------
Melee: War axe           |    43 |    19 ||    62
  Use: Potion            |       |     1 ||     1
Armor: Scale mail        |    18 |    13 ||    31
Dodge: Dodged            |    10 |     3 ||    13
Block: Shield            |    19 |     6 ||    25
